% Time on Ice - TEXAS TOROS
Lines # - Real PCT - Wanted PCT - Time Play
Normal Forward
1 - 34% - 36% - 17:42
2 - 32% - 31% - 16:25
3 - 22% - 23% - 11:11
4 - 12% - 10% - 6:04
Normal Defense
1 - 34% - 36% - 17:25
2 - 31% - 31% - 16:02
3 - 30% - 23% - 15:18
4 - 5% - 10% - 2:37
PP Forward
1 - 60% - 55% - 2:23
2 - 40% - 45% - 1:35
PP Defense
1 - 68% - 55% - 2:41
2 - 32% - 45% - 1:17
PK Forward
1 - 58% - 55% - 2:41
2 - 43% - 45% - 1:59
PK Defense
1 - 33% - 55% - 1:31
2 - 68% - 45% - 3:09
PK3 Forward
1 - 0% - 55%
2 - 0% - 45%
PK3 Defense
1 - 0% - 55%
2 - 0% - 45%
44 Forward
1 - 0% - 55%
2 - 0% - 45%
44 Defense
1 - 0% - 55%
2 - 0% - 45%
Last Minute Offensive  - 0:00
Last Minute Defensive  - 0:00
Total
Forward - 60:00
Defense - 60:00
% Time on Ice - SASKATOON DUCKS
Lines # - Real PCT - Wanted PCT - Time Play
Normal Forward
1 - 36% - 36% - 18:33
2 - 34% - 36% - 17:17
3 - 24% - 23% - 12:18
4 - 6% - 5% - 3:14
Normal Defense
1 - 33% - 36% - 16:57
2 - 33% - 31% - 17:02
3 - 29% - 23% - 14:47
4 - 5% - 10% - 2:36
PP Forward
1 - 43% - 55% - 1:59
2 - 58% - 45% - 2:41
PP Defense
1 - 42% - 55% - 1:58
2 - 58% - 45% - 2:42
PK Forward
1 - 58% - 55% - 2:19
2 - 42% - 45% - 1:39
PK Defense
1 - 43% - 55% - 1:43
2 - 57% - 45% - 2:15
PK3 Forward
1 - 0% - 55%
2 - 0% - 45%
PK3 Defense
1 - 0% - 55%
2 - 0% - 45%
44 Forward
1 - 0% - 55%
2 - 0% - 45%
44 Defense
1 - 0% - 55%
2 - 0% - 45%
Last Minute Offensive  - 0:00
Last Minute Defensive  - 0:00
Total
Forward - 60:00
Defense - 60:00
Play-by-Play 1st period 0:01 of 1st period - Trevor Zegras wins face-off versus Sidney Crosby in neutral zone. 0:10 of 1st period - Shot by Dougie Hamilton. 0:10 of 1st period - Shot Misses the Net. 0:12 of 1st period - Shot by Mikhail Sergachev. 0:12 of 1st period - Shot Blocked by Samuel Girard. 0:25 of 1st period - Sidney Crosby is hit by Mikhail Sergachev and loses puck. 1:03 of 1st period - Shot by Taylor Raddysh. 1:03 of 1st period - Stopped by Tristan Jarry without a rebound. 1:04 of 1st period - John Tavares wins face-off versus Jesse Ylonen in SASKATOON DUCKS zone. 1:19 of 1st period - Shot by John Tavares. 1:19 of 1st period - Shot Blocked by Jesse Ylonen. 1:22 of 1st period - Icing by Owen Power. 1:23 of 1st period - Nils Aman wins face-off versus Logan Cooley in TEXAS TOROS zone. 1:33 of 1st period - Jesse Ylonen is hit by Simon Benoit and loses puck. 1:43 of 1st period - Kailer Yamamoto is hit by Nate Schmidt and loses puck. 2:39 of 1st period - Shot by Mathieu Joseph. 2:39 of 1st period - Stopped by Philipp Grubauer without a rebound. 2:40 of 1st period - Jake Guentzel wins face-off versus Ryan Poehling in TEXAS TOROS zone. 3:01 of 1st period - Shot by Jake Guentzel. 3:01 of 1st period - Shot Misses the Net. 3:03 of 1st period - Shot by Matt Martin. 3:03 of 1st period - Goal by Matt Martin - TEXAS TOROS : 0 - SASKATOON DUCKS : 1. 3:04 of 1st period - Kevin Hayes wins face-off versus John Tavares in neutral zone. 3:22 of 1st period - Minor Penalty to Philip Broberg for Goalie Interference. 3:23 of 1st period - Kevin Hayes wins face-off versus Jake Guentzel in TEXAS TOROS zone. 3:23 of 1st period - Kevin Hayes is hit by Jake Guentzel. 3:38 of 1st period - Off-side. 3:39 of 1st period - Ryan Strome wins face-off versus Jesse Ylonen in neutral zone. 3:48 of 1st period - Shot by Ivan Barbashev. 3:48 of 1st period - Shot Misses the Net. 3:50 of 1st period - Shot by Mathieu Joseph. 3:50 of 1st period - Shot Misses the Net. 3:52 of 1st period - Shot by Ben Chiarot. 3:52 of 1st period - Shot Misses the Net. 5:08 of 1st period - Ryan Poehling is hit by John Tavares and loses puck. 5:15 of 1st period - Mikhail Sergachev is hit by John Tavares and loses puck. 5:35 of 1st period - Icing by Tyson Barrie. 5:36 of 1st period - Nils Aman wins face-off versus Trevor Zegras in TEXAS TOROS zone. 5:37 of 1st period - Shot by Kailer Yamamoto. 5:37 of 1st period - Shot Blocked by Tyson Barrie. 5:39 of 1st period - Shot by Nils Aman. 5:39 of 1st period - Shot Misses the Net. 5:43 of 1st period - Shot by Kasperi Kapanen. 5:43 of 1st period - Shot Misses the Net. 5:57 of 1st period - Shot by Kailer Yamamoto. 5:57 of 1st period - Stopped by Philipp Grubauer without a rebound. 5:58 of 1st period - Kevin Hayes wins face-off versus John Tavares in TEXAS TOROS zone. 6:18 of 1st period - Shot by John Tavares. 6:18 of 1st period - Goal by John Tavares - TEXAS TOROS : 0 - SASKATOON DUCKS : 2. 6:19 of 1st period - Logan Cooley wins face-off versus Sidney Crosby in neutral zone. 7:02 of 1st period - Shot by Mikhail Sergachev. 7:02 of 1st period - Goal by Mikhail Sergachev - TEXAS TOROS : 1 - SASKATOON DUCKS : 2. 7:03 of 1st period - John Tavares wins face-off versus Trevor Zegras in neutral zone. 7:06 of 1st period - Shot by John Tavares. 7:06 of 1st period - Shot Blocked by Troy Terry. 7:10 of 1st period - Shot by John Tavares. 7:10 of 1st period - Shot Blocked by Tyson Barrie. 7:28 of 1st period - Shot by Mathieu Joseph. 7:28 of 1st period - Stopped by Philipp Grubauer without a rebound. 7:29 of 1st period - Kevin Hayes wins face-off versus Nils Aman in TEXAS TOROS zone. 7:40 of 1st period - Shot by Bobby Brink. 7:40 of 1st period - Shot Misses the Net. 7:42 of 1st period - Shot by Owen Power. 7:42 of 1st period - Shot Misses the Net. 8:02 of 1st period - Shot by Kasperi Kapanen. 8:02 of 1st period - Shot Misses the Net. 8:14 of 1st period - Shot by Kevin Hayes. 8:14 of 1st period - Shot Misses the Net. 8:39 of 1st period - Off-side. 8:40 of 1st period - John Tavares wins face-off versus Ryan Poehling in neutral zone. 8:53 of 1st period - Shot by John Tavares. 8:53 of 1st period - Deflect By Mathieu Joseph. 8:53 of 1st period - Shot Blocked by Ryan Poehling. 9:06 of 1st period - Shot by John Tavares. 9:06 of 1st period - Shot Misses the Net. 9:08 of 1st period - Shot by Samuel Girard. 9:08 of 1st period - Shot Blocked by Tyson Barrie. 9:10 of 1st period - Shot by Mathieu Joseph. 9:10 of 1st period - Shot Misses the Net. 9:12 of 1st period - Shot by John Tavares. 9:12 of 1st period - Goal by John Tavares - TEXAS TOROS : 1 - SASKATOON DUCKS : 3. 9:13 of 1st period - Sidney Crosby wins face-off versus Trevor Zegras in neutral zone. 9:55 of 1st period - Icing by Trevor Zegras. 9:56 of 1st period - John Tavares wins face-off versus Trevor Zegras in TEXAS TOROS zone. 10:26 of 1st period - Icing by Dougie Hamilton. 10:27 of 1st period - Nils Aman wins face-off versus Trevor Zegras in TEXAS TOROS zone. 10:27 of 1st period - Kasperi Kapanen is hit by Mikhail Sergachev and loses puck. 10:54 of 1st period - Shot by Kailer Yamamoto. 10:54 of 1st period - Stopped by Philipp Grubauer without a rebound. 10:55 of 1st period - Logan Cooley wins face-off versus Jake Guentzel in TEXAS TOROS zone. 10:59 of 1st period - Off-side. 11:00 of 1st period - Kevin Hayes wins face-off versus Sidney Crosby in neutral zone. 11:25 of 1st period - Shot by Taylor Raddysh. 11:25 of 1st period - Stopped by Tristan Jarry without a rebound. 11:26 of 1st period - John Tavares wins face-off versus Logan Cooley in SASKATOON DUCKS zone. 11:40 of 1st period - Shot by Tyson Foerster. 11:40 of 1st period - Shot Blocked by Ryan Strome. 11:52 of 1st period - Shot by John Tavares. 11:52 of 1st period - Stopped by Philipp Grubauer without a rebound. 11:53 of 1st period - Kevin Hayes wins face-off versus Sidney Crosby in TEXAS TOROS zone. 12:19 of 1st period - Sidney Crosby is hit by Mikhail Sergachev and loses puck. 13:08 of 1st period - Shot by John Tavares. 13:08 of 1st period - Stopped by Philipp Grubauer without a rebound. 13:09 of 1st period - Trevor Zegras wins face-off versus Nils Aman in TEXAS TOROS zone. 13:32 of 1st period - Shot by Trevor Zegras. 13:32 of 1st period - Deflect By Troy Terry. 13:32 of 1st period - Stopped by Tristan Jarry without a rebound. 13:33 of 1st period - John Tavares wins face-off versus Logan Cooley in SASKATOON DUCKS zone. 13:45 of 1st period - Shot by Chris Tanev. 13:45 of 1st period - Stopped by Philipp Grubauer without a rebound. 13:46 of 1st period - Sidney Crosby wins face-off versus Ryan Poehling in TEXAS TOROS zone. 13:47 of 1st period - Shot by Ivan Barbashev. 13:47 of 1st period - Shot Misses the Net. 14:42 of 1st period - Icing by Troy Terry. 14:43 of 1st period - Mathieu Joseph wins face-off versus Trevor Zegras in TEXAS TOROS zone. 14:44 of 1st period - Shot by John Tavares. 14:44 of 1st period - Stopped by Philipp Grubauer without a rebound. 14:45 of 1st period - John Tavares wins face-off versus Logan Cooley in TEXAS TOROS zone. 14:58 of 1st period - Shot by Ryan Strome. 14:58 of 1st period - Shot Misses the Net. 15:19 of 1st period - Jesse Ylonen is hit by Mathieu Joseph. 15:53 of 1st period - Icing by Logan Cooley. 15:54 of 1st period - Sidney Crosby wins face-off versus Logan Cooley in TEXAS TOROS zone. 16:01 of 1st period - Shot by Jake Guentzel. 16:01 of 1st period - Stopped by Philipp Grubauer without a rebound. 16:02 of 1st period - Sidney Crosby wins face-off versus Danton Heinen in TEXAS TOROS zone. 16:05 of 1st period - Shot by Jake Guentzel. 16:05 of 1st period - Stopped by Philipp Grubauer without a rebound. 16:06 of 1st period - Sidney Crosby wins face-off versus Trevor Zegras in TEXAS TOROS zone. 16:09 of 1st period - Shot by Sidney Crosby. 16:09 of 1st period - Shot Misses the Net. 16:11 of 1st period - Shot by Samuel Girard. 16:11 of 1st period - Goal by Samuel Girard - TEXAS TOROS : 1 - SASKATOON DUCKS : 4. 16:11 of 1st period - Jett Alexander enters game. 16:12 of 1st period - Trevor Zegras wins face-off versus Sidney Crosby in neutral zone. 16:34 of 1st period - Shot by Jake Guentzel. 16:34 of 1st period - Shot Misses the Net. 16:36 of 1st period - Shot by Jake Sanderson. 16:36 of 1st period - Stopped by Jett Alexander with a rebound. 16:50 of 1st period - Shot by Jake Guentzel. 16:50 of 1st period - Shot Misses the Net. 17:34 of 1st period - Shot by Ryan Strome. 17:34 of 1st period - Stopped by Jett Alexander with a rebound. 17:36 of 1st period - Shot by Mathieu Joseph. 17:36 of 1st period - Shot Misses the Net. 17:48 of 1st period - Shot by John Tavares. 17:48 of 1st period - Stopped by Jett Alexander with a rebound. 17:50 of 1st period - Shot by Chris Tanev. 17:50 of 1st period - Shot Misses the Net. 17:57 of 1st period - Icing by Tyson Barrie. 17:58 of 1st period - Trevor Zegras wins face-off versus Nils Aman in TEXAS TOROS zone. 17:58 of 1st period - Trevor Zegras is hit by Kasperi Kapanen. 18:03 of 1st period - Off-side. 18:04 of 1st period - Kevin Hayes wins face-off versus Nils Aman in neutral zone. 18:09 of 1st period - Icing by Simon Benoit. 18:10 of 1st period - Kevin Hayes wins face-off versus Kailer Yamamoto in SASKATOON DUCKS zone. 19:41 of 1st period - Minor Penalty to Jake Sanderson for High sticking. 19:42 of 1st period - Trevor Zegras wins face-off versus Sidney Crosby in SASKATOON DUCKS zone. Goals for this period are 1 for TEXAS TOROS vs 4 for SASKATOON DUCKS. Shots for this period are 4 for TEXAS TOROS vs 17 for SASKATOON DUCKS. 2nd period 0:01 of 2nd per